Map: [ESL] Tropical Sacrifice

Players

Cham - Winner!

  • Race: Zerg Zerg
  • Spawn Location: 1:00

SpeCial

  • Race: Terran Terran
  • Spawn Location: 7:00

Event: DreamHack SC2 Masters 2022 Atlanta (Online)

VOD

Have the link to the VOD?

Description

Time

  • Played on: Oct. 1, 2022, 3:39 p.m.
  • Length: 9:38

All games in this series

Show
View Real Time Build Order
Export as new Build Order

Cham Zerg - Winner!

Build Orders: Hatch First 

Get SALT Encoding   

  12  0:02  Drone  
  13  0:09  Drone  
  14  0:20  Overlord  
  14  0:38  Drone x2  
  16  0:49  Hatchery  
  15  0:52  Drone  
  16  0:57  Drone  
  16  1:00  Drone  
  18  1:14  Spawning Pool  
  18  1:15  Extractor  
  16  1:19  Drone  
  16  1:22  Drone  
  18  1:32  Drone  
  19  1:43  Drone  
  20  1:53  Drone  
  21  2:01  Queen x2  
  21  2:02  Zergling x2  
  21  2:04  Zergling x2  
  27  2:12  Drone  
  27  2:15  Overlord  
  28  2:29  Hatchery  
  27  2:31  Drone  
  29  2:37  Drone  
  29  2:43  Queen  
  30  2:46  Overlord  
  30  2:48  Drone  
  31  2:55  Drone x2  
  33  3:03  Drone  
  33  3:07  Drone x2  
  33  3:11  Drone x4  
  39  3:19  Overlord x2  
  39  3:24  Queen  
  41  3:30  Queen  
  43  3:38  Zergling x4  
  43  3:40  Zergling x4  
  47  3:44  Drone x4  
  47  3:48  Drone x3  
  54  3:53  Queen  
  56  4:00  Drone  
  57  4:05  Spore Crawler  
  55  4:11  Drone x4  
  55  4:12  Overlord  
  55  4:14  Queen  
  55  4:16  Drone, Overlord  
  62  4:19  Drone  
  62  4:23  Metabolic Boost  
  64  4:29  Drone x2  
  66  4:32  Overlord x2  
  66  4:33  Drone x2  
  66  4:35  Lair  
  68  4:39  Spore Crawler  
  68  4:40  Spore Crawler  
  68  4:42  Spore Crawler, Extractor  
  68  4:43  Drone  
  65  4:46  Drone x2  
  65  4:47  Drone  
  65  4:48  Drone  
  69  4:53  Zergling x4  
  69  4:56  Overlord  
  69  4:57  Overlord  
  69  4:58  Drone  
  72  5:01  Drone  
  73  5:07  Drone x4  
  73  5:08  Overlord  
  73  5:09  Drone  
  78  5:15  Roach Warren  
  77  5:21  Drone x3  
  77  5:22  Overlord  
  77  5:24  Extractor  
  77  5:25  Extractor x2  
  77  5:26  Drone x2, Extractor  
  77  5:42  Evolution Chamber  
  76  5:44  Drone x2, Evolution Chamber  
  76  5:45  Drone x3  
  80  5:50  Drone x4  
  84  5:58  Drone x2  
  84  6:02  Drone  
  84  6:03  Drone x6  
  91  6:06  Overlord  
  91  6:09  Drone  
  91  6:11  Glial Reconstitution  
  92  6:12  Zerg Ground Armor Level 1  
  92  6:13  Hatchery  
  92  6:17  Overlord x2  
  91  6:19  Roach  
  91  6:21  Roach x2  
  97  6:26  Roach, Overlord  
  97  6:30  Roach x2  
  103  6:33  Roach x2  
  103  6:35  Overlord  
  103  6:38  Zerg Missile Weapons Level 1  
  103  6:39  Overseer  
  107  6:41  Overlord  
  107  6:42  Roach  
  107  6:43  Roach  
  107  6:46  Roach  
  113  6:47  Overlord  
  113  6:52  Roach x2  
  113  6:53  Overlord  
  117  6:56  Roach  
  117  6:57  Roach  
  117  6:58  Roach  
  117  7:01  Roach x2  
  127  7:03  Roach  
  127  7:06  Roach x2  
  133  7:11  Roach x2  
  133  7:20  Roach x6  
  143  7:23  Overlord  
  143  7:24  Roach  
  143  7:25  Roach  
  143  7:27  Roach  
  143  7:29  Ravager x2  
  156  7:30  Ravager x5  
  156  7:33  Roach  
  156  7:34  Roach x2  
  156  7:36  Roach  
  164  7:42  Roach x2  
  166  7:45  Roach x2  
  166  7:48  Roach x3  
  163  7:53  Roach x2  
  143  7:59  Roach x4  
  143  8:03  Roach x2  
  137  8:12  Roach  
  137  8:13  Roach x3  
  137  8:16  Roach  
  143  8:20  Roach x2  
  147  8:28  Roach x3  
  147  8:31  Roach  
  147  8:33  Roach  
  147  8:40  Roach x2  
  137  8:41  Roach  
  137  8:44  Roach  
  137  8:46  Roach  
  143  8:51  Roach x2  
  143  8:54  Roach  
  139  8:56  Roach  
  139  9:00  Roach x2  
  139  9:02  Roach  
  135  9:12  Roach x3  
  131  9:17  Roach  
Show
View Real Time Build Order
Export as new Build Order

SpeCial Terran 

Build Orders: Reaper Expand 

Get SALT Encoding   

  12  0:00  SCV  
  13  0:12  SCV  
  14  0:17  Supply Depot  
  14  0:24  SCV  
  15  0:39  SCV  
  15  0:40  Barracks  
  16  0:44  Refinery  
  16  0:51  SCV  
  17  1:03  SCV  
  18  1:15  SCV  
  19  1:27  Reaper, Orbital Command  
  20  1:42  Command Center  
  20  1:52  Supply Depot  
  20  1:54  SCV  
  20  1:58  Marine  
  22  2:06  SCV  
  23  2:16  Factory  
  23  2:18  SCV  
  23  2:21  Barracks Reactor  
  24  2:30  SCV  
  25  2:42  SCV  
  26  2:44  Command Center  
  26  2:55  SCV  
  27  3:07  SCV, Orbital Command  
  27  3:09  Starport  
  27  3:11  Hellion  
  30  3:16  Hellion  
  30  3:19  SCV  
  33  3:22  Marine  
  33  3:25  Refinery  
  34  3:31  SCV  
  34  3:34  SCV  
  36  3:38  Hellion  
  36  3:40  Hellion  
  40  3:43  SCV, Barracks Tech Lab  
  40  3:46  SCV  
  42  3:51  Viking  
  44  3:55  SCV  
  44  4:01  Hellion  
  44  4:02  Hellion, SCV  
  48  4:06  SCV  
  49  4:13  SCV  
  49  4:14  Stimpack  
  49  4:15  SCV  
  51  4:18  Orbital Command  
  51  4:25  Hellion x2  
  51  4:26  Supply Depot  
  51  4:28  Marine  
  51  4:29  SCV  
  51  4:30  SCV  
  58  4:33  Liberator  
  61  4:39  Orbital Command  
  61  4:47  SCV x2, Marine  
  61  4:48  Supply Depot  
  64  4:59  SCV, Factory Reactor  
  65  5:01  SCV  
  65  5:03  Barracks  
  65  5:04  Barracks  
  65  5:05  Marine  
  67  5:08  SCV  
  67  5:10  Engineering Bay  
  67  5:12  SCV  
  67  5:13  Engineering Bay  
  69  5:20  Starport Reactor  
  69  5:22  Refinery  
  69  5:23  Marine  
  69  5:24  Refinery  
  69  5:27  SCV x2  
  72  5:29  SCV  
  73  5:40  Barracks  
  73  5:41  Barracks, Marine  
  74  5:43  Terran Infantry Armor Level 1, Terran Infantry Weapons Level 1  
  74  5:47  Factory Reactor  
  74  5:50  Marine  
  74  5:51  SCV x2  
  74  5:55  Supply Depot  
  74  5:56  SCV  
  78  5:58  Marine  
  78  5:59  Combat Shield, Marine  
  78  6:01  Supply Depot  
  78  6:03  SCV x2  
  77  6:07  Marine x3  
  77  6:08  SCV  
  79  6:15  SCV x2, Medivac x2  
  79  6:16  Marine x2  
  87  6:20  SCV  
  87  6:23  Supply Depot  
  87  6:25  Marine x3  
  90  6:27  SCV x2  
  90  6:31  Barracks Reactor  
  90  6:32  Barracks Reactor  
  92  6:33  SCV  
  92  6:34  Marine x2  
  92  6:35  Widow Mine x2  
  92  6:39  SCV x2  
  101  6:44  Marine x3  
  101  6:45  Supply Depot, SCV, Medivac  
  107  6:48  Refinery  
  107  6:51  SCV  
  107  6:52  SCV  
  109  6:57  Barracks x3  
  109  7:07  SCV x3, Marine x4  
  116  7:09  Widow Mine  
  116  7:12  Widow Mine  
  116  7:15  Marine  
  114  7:18  Marine x4  
  114  7:21  Supply Depot  
  117  7:23  Supply Depot  
  117  7:26  Missile Turret  
  117  7:32  Armory  
  117  7:36  SCV x2, Marauder, Marine x4  
  125  7:42  SCV, Widow Mine x2, Marine x2  
  125  7:43  Marine  
  133  7:48  Barracks Tech Lab x2  
  132  7:51  Barracks Tech Lab  
  132  7:52  Medivac  
  132  7:53  Medivac  
  132  7:56  Marine  
  132  7:58  Marauder  
  133  7:59  Marine  
  133  8:02  Marine  
  133  8:04  Marine  
  99  8:13  Marauder, Marine x3  
  99  8:18  Marine  
  99  8:19  Marauder  
  96  8:25  Marauder  
  82  8:34  Marauder  
  82  8:37  Marine  
  82  8:41  Marauder  
  74  8:42  Marauder  
  74  8:46  Marine  
  61  8:57  Marauder, Marine x2  
  61  9:02  Marauder  
  66  9:03  Orbital Command  
  66  9:05  Marine x2  
  66  9:06  Marauder  
  56  9:13  Marine  
Tags
 
Add a new tag
Caveats
  • Supply blocks, unpowered buildings, or Contaminate may cause inaccurate times.
  • Supply counts are checked every 10 seconds.